 Dungeon Crawl Stone Soup version 0.29.0-4-gdea44cf6ec (webtiles) character file.

Game seed: 5279032176696798561

1738 qw the Cleaver (level 8, -6/106 HPs)
             Began as a Minotaur Berserker on Sept 9, 2022.
             Was a Priest of Trog.
             Mangled by a yak (9 damage)
             ... on level 5 of the Dungeon.
             The game lasted 00:01:31 (5996 turns).

qw the Cleaver (Minotaur Berserker)                 Turns: 5996, Time: 00:01:32

Health: -6/106     AC: 10    Str: 24    XL:     8   Next: 77%
Magic:  7/7        EV: 10    Int:  6    God:    Trog [***...]
Gold:   213        SH:  0    Dex: 16    Spells: 7/7 levels left

rFire   . . .      SeeInvis .   b - +0 war axe
rCold   . . .      Faith    .   (no shield)
rNeg    + . .      Spirit   .   j - +0 chain mail
rPois   .          Reflect  .   (helmet restricted)
rElec   .          Harm     .   (no cloak)
rCorr   .          Rampage  .   (no gloves)
Will    +....                   h - +0 pair of boots
Stlth   ..........              (no amulet)
HPRegen 0.27/turn               c - +6 ring of dexterity
MPRegen 0.10/turn               g - ring "Xemi" {rN+ Will+ Int+2}

@: berserking, very quick
A: horns 2, retaliatory headbutt
a: Renounce Religion, Berserk, Trog's Hand


You were on level 5 of the Dungeon.
You worshipped Trog.
Trog was most pleased with you.
You visited 1 branch of the dungeon, and saw 5 of its levels.

You collected 213 gold pieces.


Innate Abilities, Weirdness & Mutations

You have a pair of horns on your head.
You reflexively headbutt those who attack you in melee.


   Skills:
 - Level 6.4 Fighting
 + Level 11.6 Axes
 - Level 1.0 Throwing
 - Level 4.5 Armour
 - Level 3.8 Dodging


You had 7 spell levels left.
You didn't know any spells.
Your spell library was empty.

Inventory:

Hand Weapons
 b - a +0 war axe (weapon)
 i - a +2 flail of draining
Armour
 h - a +0 pair of boots (worn)
 j - a +0 chain mail (worn)
Jewellery
 c - a +6 ring of dexterity (left hand)
 g - the ring "Xemi" (right hand) {rN+ Will+ Int+2}
   (You found it on level 4 of the Dungeon)

   [ring of positive energy]

   Int:       It affects your intelligence (+2).
   rN:        It protects you from negative energy.
   Will:      It increases your willpower.
Scrolls
 d - a scroll of teleportation
 e - a scroll of magic mapping {unknown}
 f - 11 scrolls of identify
Potions
 a - a potion of heal wounds
 k - 2 potions of ambrosia {unknown}
 l - a potion of curing {unknown}

Dungeon Overview and Level Annotations

Branches:
Dungeon (5/15)
 Temple: D:4-7

Altars:
Gozag
Sif Muna
Uskayaw
The Shining One


Message History

You hit the yak. You headbutt the yak.
The yak is almost dead.
You hit the yak but do no damage. You hit the yak. The yak closely misses you.
You furiously retaliate!
You headbutt the yak!
You kill the yak!
Trog accepts your kill. The yak gores you! x2
Your Armour skill increases to level 4!
5990 ||| INVOKING Berserk.
A red film seems to cover your vision as you go berserk!
You feel yourself moving faster!
You feel mighty! The yak gores you. The yak closely misses you.
The yak gores you!
You slash the yak!
The yak is heavily wounded.
You closely miss the yak. You barely miss the yak.
The yak gores you but does no damage. The yak completely misses you.
You furiously retaliate!
You headbutt the yak!! The yak barely misses you.
You slash the yak!
You kill the yak!
Trog accepts your kill.
You slash the yak! x2
Your Dodging skill increases to level 3!
You slice the yak!!
The yak is severely wounded.
You barely miss the yak. The yak gores you but does no damage.
The yak closely misses you.
You slash the yak!
You kill the yak!
Trog accepts your kill.
You slash the yak! You hit the yak. You barely miss the yak.
The yak is severely wounded.
You hit the yak. The yak gores you! The yak gores you.
You slash the yak! You headbutt the yak.
You kill the yak!
Trog accepts your kill.
You slash the yak! The yak gores you!
You die...

#######......#
##...###.#####
#............#
##...###.###.#
## ##.####.# #.#
.# #.....># #.#
.# #.###### #.#
.# ##'## #.# .#
##...## #@# .#
##.....##
#Y%%..!.#
.###.......##
#...###.#
.##.........#
#.#..
............+ ..
...
.#..........###.
..##
.#.#.......## #.
.## ##.##.....##
#. ..
...###...##


You could see a yak.

Vanquished Creatures
  Grinder (D:5)
  5 yaks (D:5)
  A water moccasin (D:4)
  Pargi (D:3)
  An ice beast (D:5)
  An ogre (D:4)
  A phantom (D:5)
  A scorpion (D:5)
  A jelly (D:5)
  3 hounds (D:5)
  An iguana (D:5)
  Natasha (D:3)
  An orc wizard (D:4)
  8 gnolls (D:5)
  6 adders
  A worm (D:4)
  3 dart slugs
  9 orcs
  6 ball pythons
  10 endoplasms
  3 giant cockroaches
  8 goblins
  8 hobgoblins
  4 jackals (D:3)
  2 quokkas (D:3)
  4 bats
  4 frilled lizards
  8 kobolds
  8 rats
111 creatures vanquished.

Vanquished Creatures (others)
  An orc wizard (D:4)
  A plant (D:1)
2 creatures vanquished.

Grand Total: 113 creatures vanquished

Notes
Turn   | Place    | Note
-------+----------+-------------------------------------------
     0 | D:1      | qw the Minotaur Berserker began the quest for the Orb.
     0 | D:1      | Reached XP level 1. HP: 19/19 MP: 0/0
     0 | D:1      | 0 ||| qw: Version: 0.1-a-113-g051387a
     0 | D:1      | 0 ||| qw: Game counter: 7258
     0 | D:1      | 0 ||| qw: Always use a shield: true
     0 | D:1      | 0 ||| qw: Do Orc after D:15 true
     0 | D:1      | 0 ||| qw: Do second Lair branch before Depths: true
     0 | D:1      | 0 ||| qw: Lair rune preference: random
     0 | D:1      | 0 ||| qw: Plans: Normal
     0 | D:1      | 0 ||| PLANNING D:1-11
    80 | D:1      | Found a faded altar of an unknown god.
   152 | D:1      | Reached skill level 4 in Axes
   262 | D:1      | Reached XP level 2. HP: 22/26 MP: 1/1
   668 | D:1      | 668 ||| INVOKING Berserk.
  1134 | D:1      | Reached skill level 5 in Axes
  1366 | D:1      | 1366 ||| READING scroll labelled WAKIDW EDEIMINK.
  1454 | D:2      | Reached XP level 3. HP: 27/31 MP: 2/2
  1654 | D:2      | 1654 ||| Stepping ~*~*~tactically~*~*~ (stealth).
  1665 | D:2      | 1665 ||| Stepping ~*~*~tactically~*~*~ (stealth).
  1770 | D:2      | Reached ** piety under Trog
  2161 | D:2      | 2161 ||| UPGRADING to +0 scale mail.
  2171 | D:2      | 2171 ||| DROPPING +0 animal skin.
  2172 | D:2      | 2172 ||| UPGRADING to +0 pair of boots.
  2177 | D:2      | 2177 ||| UPGRADING to +6 ring of dexterity.
  2178 | D:2      | 2178 ||| READING scroll labelled KOINIL DEDGH.
  2179 | D:2      | 2179 ||| READING 7 scrolls labelled HOCVAPS ORAEFO.
  2180 | D:2      | 2180 ||| READING scroll labelled NOFECV KEENUMP.
  2184 | D:2      | 2184 ||| READING 6 scrolls of identify.
  2184 | D:2      | 2184 ||| IDENTIFYING purple potion
  2185 | D:2      | 2185 ||| DROPPING potion of degeneration.
  2220 | D:3      | Noticed Natasha
  2224 | D:3      | 2224 ||| INVOKING Berserk.
  2228 | D:3      | Killed Natasha
  2229 | D:3      | Reached skill level 6 in Axes
  2229 | D:3      | Reached XP level 4. HP: 39/39 MP: 3/3
  2914 | D:3      | Noticed Pargi
  2922 | D:3      | Killed Pargi
  2923 | D:3      | Reached skill level 7 in Axes
  2923 | D:3      | Reached XP level 5. HP: 37/45 MP: 4/4
  3313 | D:3      | 3313 ||| UPGRADING to +0 chain mail.
  3323 | D:3      | 3323 ||| DROPPING +0 scale mail.
  3324 | D:3      | 3324 ||| READING 4 scrolls labelled OTWUYMACUONT.
  3325 | D:3      | 3325 ||| READING scroll labelled SEWOPT JURIEF.
  3471 | D:3      | 3471 ||| READING 10 scrolls of identify.
  3471 | D:3      | 3471 ||| IDENTIFYING fizzy silvery potion
  3472 | D:3      | 3472 ||| DROPPING 3 scrolls of amnesia.
  3594 | D:4      | Noticed an ogre
  3598 | D:4      | 3598 ||| INVOKING Berserk.
  3599 | D:4      | Killed an ogre
  3600 | D:4      | Reached XP level 6. HP: 55/55 MP: 5/5
  3604 | D:4      | 3604 ||| FLEEEEING.
  3605 | D:4      | 3605 ||| STAIRDANCE
  3708 | D:4      | Noticed a water moccasin
  3717 | D:4      | Killed a water moccasin
  3718 | D:4      | Reached skill level 8 in Axes
  3754 | D:4      | 3754 ||| SWAPPING to +0 war axe.
  3755 | D:4      | 3755 ||| Stepping ~*~*~tactically~*~*~ (stealth).
  3758 | D:4      | 3758 ||| DROPPING +0 hand axe.
  4038 | D:4      | 4038 ||| Stepping ~*~*~tactically~*~*~ (stealth).
  4169 | D:4      | 4169 ||| Stepping ~*~*~tactically~*~*~ (hiding).
  4171 | D:4      | 4171 ||| Stepping ~*~*~tactically~*~*~ (hiding).
  4233 | D:4      | Identified the ring "Xemi" {rN+ Will+ Int+2}
  4238 | D:4      | 4238 ||| Stepping ~*~*~tactically~*~*~ (hiding).
  4240 | D:4      | 4240 ||| Stepping ~*~*~tactically~*~*~ (hiding).
  4244 | D:4      | 4244 ||| INVOKING Berserk.
  4298 | D:4      | 4298 ||| Stepping ~*~*~tactically~*~*~ (stealth).
  4363 | D:4      | 4363 ||| DROPPING +0 club.
  4382 | D:4      | Reached *** piety under Trog
  4802 | D:4      | 4802 ||| UPGRADING to ring "Xemi" {rN+ Will+ Int+2}.
  4819 | D:5      | Entered Level 5 of the Dungeon
  4826 | D:5      | Reached skill level 9 in Axes
  4826 | D:5      | Reached XP level 7. HP: 60/60 MP: 6/6
  4921 | D:5      | Reached skill level 3 in Armour
  4942 | D:5      | Found a hide-covered altar of Uskayaw.
  4945 | D:5      | Found a shimmering blue altar of Sif Muna.
  4948 | D:5      | Found a glowing golden altar of the Shining One.
  4951 | D:5      | Found an opulent altar of Gozag.
  4951 | D:5      | Noticed Grinder
  4952 | D:5      | 4952 ||| INVOKING Trog's Hand.
  4953 | D:5      | 4953 ||| INVOKING Berserk.
  4960 | D:5      | Killed Grinder
  4961 | D:5      | Reached skill level 10 in Axes
  5125 | D:5      | 5125 ||| INVOKING Berserk.
  5127 | D:5      | Reached skill level 1 in Throwing
  5263 | D:5      | 5263 ||| DROPPING +0 flail.
  5441 | D:5      | Reached skill level 6 in Fighting
  5529 | D:5      | Reached XP level 8. HP: 66/71 MP: 7/7
  5541 | D:5      | 5541 ||| Stepping ~*~*~tactically~*~*~ (stealth).
  5611 | D:5      | 5611 ||| Stepping ~*~*~tactically~*~*~ (hiding).
  5628 | D:5      | 5628 ||| INVOKING Berserk.
  5987 | D:5      | Reached skill level 11 in Axes
  5990 | D:5      | 5990 ||| INVOKING Berserk.
  5990 | D:5      | HP: 23/106 [yak (6)]
  5993 | D:5      | Reached skill level 3 in Dodging
  5995 | D:5      | HP: 4/106 [yak (13)]
  5996 | D:5      | Mangled by a yak

Levels and vault maps discovered:
D:1:      dpeg_arrival_rooms_c, layout_loops_corners, serial_forest,
          infiniplex_forest_clump_double, infiniplex_forest_clump_long,
          infiniplex_forest_clump_diagonal, infiniplex_forest_clump_large,
          infiniplex_forest_straight_5, ebering_ecumenical_altar_abandoned,
          amethyst_killhole
D:2:      layout_loops_ring
D:3:      layout_basic, grunt_ministairs_11, uniq_natasha, uniq_pargi
D:4:      layout_basic
D:5:      layout_loops_corners, grunt_temple_overflow_cloverleaf, uniq_grinder

Skill      XL: |  1  2  3  4  5  6  7  8 |
---------------+-------------------------+-----
Axes           | 4 5 6 7 9 10 11 | 11.6
Fighting       | 4 6 |  6.4
Armour         | 3 4 |  4.5
Throwing       | 1 |  1.0
Dodging        | 3 |  3.8

Action                   |  1- 3 |  4- 6 |  7- 9 || total
-------------------------+-------+-------+-------++-------
Melee: Hand axe          |    84 |    55 |       ||   139
       Headbutt          |    10 |    13 |    15 ||    38
       Punch             |       |     2 |       ||     2
       War axe           |       |    24 |    74 ||    98
Throw: Boomerang         |       |    23 |    12 ||    35
Invok: Berserk           |     2 |     2 |     4 ||     8
       Trog's Hand       |       |       |     1 ||     1
  Use: Scroll            |     5 |     3 |       ||     8
Armor: Animal skin       |     6 |       |       ||     6
       Scale mail        |     1 |    16 |       ||    17
       Chain mail        |       |    21 |    37 ||    58
Dodge: Dodged            |    35 |    42 |    49 ||   126

Table legend:
 A = Non-vault XP
 B = Vault XP
 C = Vault XP percentage of total XP
 D = Non-vault monster count
 E = Vault monster count
 F = Vault count percentage of total count
                 A         B        C        D         E       F
            +---------+---------+-------+---------+---------+-------
      Total |    2211 |     463 |  17.3 |     107 |       5 |   4.5
            +---------+---------+-------+---------+---------+-------
        D:1 |      37 |       0 |   0.0 |      22 |       0 |   0.0
        D:2 |      49 |       0 |   0.0 |      15 |       0 |   0.0
        D:3 |      62 |     173 |  73.6 |      21 |       4 |  16.0
        D:4 |     375 |       0 |   0.0 |      23 |       0 |   0.0
        D:5 |    1688 |     290 |  14.7 |      26 |       1 |   3.7
            +---------+---------+-------+---------+---------+-------
